 Dungeon Crawl Stone Soup version 0.25.1-2-g60ff931df9 (webtiles) character file.

Game seed: 9148558371697748003

4477 funkygono the Gusty (level 10, -6/77 HPs)
             Began as a Red Draconian Air Elementalist on Nov 29, 2020.
             Was a Believer of Sif Muna.
             Mangled by a fire dragon (17 damage)
             ... on level 9 of the Dungeon.
             The game lasted 00:29:22 (11254 turns).

funkygono the Gusty (DrAE)                         Turns: 11254, Time: 00:29:22

Health: -6/77      AC: 15    Str: 10    XL:     10   Next: 15%
Magic:  28/29      EV: 13    Int: 18    God:    Sif Muna [**....]
Gold:   459        SH:  0    Dex: 13    Spells: 8/23 levels left

rFire    + . .     SeeInvis .   A - +1 mace (drain)
rCold    . . .     Gourm    .   (no shield)
rNeg     . . .     Faith    .   (armour unavailable)
rPois    .         Spirit   .   x - +0 hat
rElec    .         Reflect  .   g - +2 cloak
rCorr    .         Harm     .   w - +1 pair of gloves
MR       .....                  k - +2 pair of boots
Stlth    ++........             B - amulet of the acrobat
HPRegen  0.22/turn              p - ring of magical power
MPRegen  0.21/turn              (no ring)

@: mighty, about to teleport, drained
A: breathe fire, unfitting armour, fire resistance 1, cold-blooded, AC +7
a: Breathe Fire, Channel Magic, Renounce Religion


You were on level 9 of the Dungeon.
You worshipped Sif Muna.
Sif Muna was pleased with you.
You were not hungry.

You visited 2 branches of the dungeon, and saw 10 of its levels.
You also visited: Ossuary.

You collected 459 gold pieces.

Inventory:

Hand Weapons
 a - a +0 whip
 i - a +1 dire flail of protection
 A - a +1 mace of draining (weapon)
Armour
 g - a +2 cloak (worn)
 h - a +0 kite shield
 k - a +2 pair of boots (worn)
 w - a +1 pair of gloves (worn)
 x - a +0 hat (worn)
Jewellery
 p - a ring of magical power (left hand)
 B - an amulet of the acrobat (around neck)
Wands
 m - a wand of digging (9)
 n - a wand of paralysis (10)
 q - a wand of random effects (28)
 u - a wand of iceblast (8)
Scrolls
 f - 4 scrolls of identify
 t - a scroll of fog
 v - 2 scrolls of remove curse
 y - 2 scrolls of blinking
Potions
 c - a potion of lignification
 d - 2 potions of flight
 e - a potion of haste
 j - 2 potions of magic
 l - 3 potions of curing
 o - a potion of cancellation
 D - a potion of brilliance
Comestibles
 b - 23 rations
 s - 4 chunks of flesh


   Skills:
 + Level 3.0(2.1) Fighting
 + Level 4.8(3.9) Maces & Flails
 + Level 4.5(3.6) Dodging
 - Level 3.0(2.1) Stealth
 + Level 7.1(6.0) Spellcasting
 + Level 7.1(6.1) Conjurations
 + Level 7.9(6.8) Air Magic


You had 8 spell levels left.
You knew the following spells:

 Your Spells              Type           Power        Failure   Level  Hunger
a - Shock                 Conj/Air       ####         1%          1    None
b - Swiftness             Chrm/Air       ###.....     4%          2    None
c - Static Discharge      Conj/Air       ####....     2%          3    ##.....
d - Airstrike             Air            ####......   7%          4    ####...
e - Lightning Bolt        Conj/Air       ####......   22%         5    #####..

Your spell library contained the following spells:

 Spells                   Type           Power        Failure   Level  Hunger


Dungeon Overview and Level Annotations

Branches:
Dungeon (9/15)             Temple (1/1) D:6            Lair (0/6) D:9
Ossuary (visited)
    Orc: D:9-12

Altars:
Ashenzari
Cheibriados
Dithmenos
Elyvilon
Fedhas
Gozag
Hepliaklqana
Kikubaaqudgha
Makhleb
Nemelex Xobeh
Okawaru
Qazlal
Ru
Sif Muna
Trog
Uskayaw
Vehumet
Xom
Yredelemnul
Zin
The Shining One

Shops:
D:6 *


Innate Abilities, Weirdness & Mutations

You can breathe blasts of fire.
Your fiery red scales are hard. (AC +7)
You cannot fit into any form of body armour.
Your flesh is heat resistant. (rF+)
You are cold-blooded and may be slowed by cold attacks.


Message History

Okay, then.
The fire dragon barely misses you. The fire dragon claws you.
* * * LOW HITPOINT WARNING * * *
The fire dragon tramples you.
* * * LOW HITPOINT WARNING * * *
You stumble backwards!
Casting: Static Discharge (mildly dangerous; 2% risk of failure)
Confirm with . or Enter, or press ? or * to list all spells.
You don't know that spell.
Unknown command.
You feel better.
The fire dragon bites you but does no damage.
The fire dragon claws you but does no damage.
The fire dragon tramples you but does no damage.
Casting: Static Discharge (mildly dangerous; 2% risk of failure)
Confirm with . or Enter, or press ? or * to list all spells.
Okay, then.
As you read the scroll of teleportation, it crumbles to dust.
You feel strangely unstable. The fire dragon bites you!
You die...

#..# #..
#.......####.. #..#
##..##.....#.....§.
#..#
#..........#.§§.≈≈≈
...#
#...#......#§.§§§≈.
...#
#...#........≈≈≈§.≈
...#
#...#.....##?≈≈≈>§≈
#..#
#...#........≈≈.§≈§
#..#
#...#..ZD###.≈§§§§§
#..####
#...#.#@......≈.≈≈§
#.....#
#...#.##.##........
#..##.####....<....#
##.##.#
#............#.....#
.. #
#.#.#######........#
## #...# ###
#...##..## #...# ###
#...###'### #....
+_+.....#≈≈.≈≈#
#.#.#
#+###...#≈#.#≈#


You could see a fire dragon (drained) and an adder skeleton.

Vanquished Creatures
  Pikel (D:6)
  A hippogriff (D:9)
  A wraith (D:8)
  A yak (D:6)
  A hungry ghost (D:8)
  Edmund (D:4)
  A water moccasin (D:5)
  A black bear (D:8)
  2 slaves (D:6)
  An orc warrior (D:6)
  A sky beast (D:9)
  2 ice beasts
  4 ogres
  A centaur (D:5)
  Blork the orc (D:4)
  5 bullfrogs
  3 scorpions
  6 killer bees (D:7)
  3 wights (D:8)
  6 crimson imps
  A centaur zombie (D:7)
  A quasit (D:8)
  A centaur skeleton (D:4)
  4 hounds
  3 orc wizards
  7 human zombies
  Jessica (D:3)
  Terence (D:2)
  4 worker ants
  2 big kobold zombies (Ossuary)
  A hound skeleton (D:4)
  5 mummies
  A worker ant zombie (D:8)
  3 howler monkey zombies
  Robin (D:2)
  A howler monkey skeleton (D:7)
  12 adders
  4 gnolls (D:3)
  3 shadow imps
  An ooze (D:1)
  3 adder zombies (Ossuary)
  An adder skeleton (D:5)
  2 worms
  3 dart slugs
  3 leopard geckos
  24 orcs
  2 ball pythons
  4 bats
  6 giant cockroaches
  18 goblins
  9 hobgoblins
  12 jackals
  8 kobolds
  6 quokkas
  7 frilled lizards
  A giant cockroach zombie (D:5)
  12 hobgoblin zombies (Ossuary)
  2 jackal zombies (Ossuary)
  3 kobold zombies (Ossuary)
  A leopard gecko skeleton (D:4)
  12 orc zombies
  9 rats
248 creatures vanquished.

Vanquished Creatures (others)
  A leopard gecko (D:6)
  An orc (D:6)
2 creatures vanquished.

Grand Total: 250 creatures vanquished

Notes
Turn   | Place    | Note
-------+----------+-------------------------------------------
     0 | D:1      | funkygono the Draconian Air Elementalist began the quest
                  | for the Orb.
     0 | D:1      | Reached XP level 1. HP: 14/14 MP: 3/3
   283 | D:1      | Reached XP level 2. HP: 16/20 MP: 0/5
   357 | D:1      | Learned a level 2 spell: Swiftness
   610 | D:1      | Reached XP level 3. HP: 22/26 MP: 0/6
  1270 | D:2      | Found a faded altar of an unknown god.
  1639 | D:2      | Reached XP level 4. HP: 31/34 MP: 0/7
  1797 | D:2      | Found a snail-covered altar of Cheibriados.
  1898 | D:2      | Noticed Robin
  1898 | D:2      | Noticed Terence
  2229 | D:2      | Killed Terence
  2372 | D:2      | Killed Robin
  3018 | D:3      | Reached XP level 5. HP: 39/39 MP: 8/10
  3060 | D:3      | Found a sparkling altar of Nemelex Xobeh.
  3530 | D:3      | Noticed Jessica
  3532 | D:3      | Killed Jessica
  3928 | D:3      | Reached XP level 6. HP: 46/46 MP: 9/11
  4027 | D:4      | Noticed Edmund
  4035 | D:4      | Found a burning altar of Makhleb.
  4067 | D:4      | Killed Edmund
  4541 | D:4      | Learned a level 3 spell: Static Discharge
  4726 | D:4      | Noticed Blork the orc
  4745 | D:4      | Killed Blork the orc
  4745 | D:4      | Your scales start taking on a fiery red colour.
  4745 | D:4      | Reached XP level 7. HP: 51/51 MP: 13/13
  4745 | D:4      | Gained mutation: Your flesh is heat resistant. (rF+) [Red
                  | Draconian growth]
  5060 | D:5      | Entered Level 5 of the Dungeon
  5069 | D:5      | Reached skill level 1 in Maces & Flails
  5069 | D:5      | Reached skill level 5 in Air Magic
  5418 | D:5      | Found a sand-covered staircase.
  5436 | Ossuary  | Entered an ossuary
  5593 | Ossuary  | Reached skill level 1 in Fighting
  6452 | D:5      | Reached XP level 8. HP: 59/59 MP: 15/15
  6643 | D:5      | Reached skill level 5 in Spellcasting
  6967 | D:5      | Learned a level 4 spell: Airstrike
  7172 | D:6      | Found a staircase to the Ecumenical Temple.
  7238 | Temple   | Entered the Ecumenical Temple
  7522 | Temple   | Became a worshipper of Sif Muna the Loreminder
  7630 | D:6      | Noticed Pikel
  7647 | D:6      | Killed Pikel
  7647 | D:6      | Reached skill level 5 in Conjurations
  7720 | D:6      | Reached XP level 9. HP: 43/67 MP: 13/18
  8165 | D:6      | Found Lakank's Serpentskin Sales.
  8257 | D:6      | Learned a level 5 spell: Lightning Bolt
  8443 | D:7      | Reached * piety under Sif Muna
  8959 | D:7      | Found a shadowy altar of Dithmenos.
  9711 | D:8      | Found a white marble altar of Elyvilon.
 10337 | D:8      | Found a basalt altar of Yredelemnul.
 10446 | D:8      | Reached ** piety under Sif Muna
 10446 | D:8      | Reached XP level 10. HP: 36/75 MP: 20/20
 10977 | D:9      | Found a shimmering altar of Xom.
 11220 | D:9      | Found a hazy altar of Hepliaklqana.
 11236 | D:9      | Found a staircase to the Lair.
 11237 | D:9      | Noticed a fire dragon
 11252 | D:9      | HP: 3/77 [fire dragon (3)]
 11254 | D:9      | Mangled by a fire dragon

Illustrated notes

Levels and vault maps discovered:
D:1:      psy_arrival_conway, layout_rooms
D:2:      layout_basic, cheibriados_altar_1, chequers_ecumenical_altar_simple,
          dk_vineyard_1, uniq_robin, uniq_terence
D:3:      layout_loops_ring, nicolae_overflow_crystal_walls, uniq_jessica
D:4:      layout_basic, kennysheep_mini_moat, first_ration, uniq_edmund,
          uniq_blork_the_orc
D:5:      layout_loops_ring, chequers_ossuary_entry_cave
D:6:      hangedman_cross_stitches, layout_rooms,
          minmay_temple_entry_statues_fountains, guppyfry_shop_venom, uniq_pikel
D:7:      layout_cave_pools, nicolae_dithmenos_shadow_blocks
D:8:      layout_loops_ring, nicolae_overflow_hidden_temple,
          lemuel_mausoleum_altar_yredelemnul, grunt_ogre_cave
D:9:      layout_basic, lemuel_doored_altar, lemuel_coloured_pillars_altar,
          kennysheep_little_box, minmay_lair_entry_lava, serial_shops, shop,
          uniq_erica
Temple:   minmay_temple_curvy_branch

Skill      XL: |  1  2  3  4  5  6  7  8  9 10 |
---------------+-------------------------------+-----
Dodging        | 2 3 4 |  4.5
Spellcasting   | 3 4 6 7 |  7.1
Conjurations   | 2 3 4 5 7 |  7.1
Air Magic      | 4 5 6 7 |  7.9
Maces & Flails | 2 3 4 |  4.8
Stealth        | 2 3 |  3.0
Fighting       | 1 2 3 |  3.0

Action                   |  1- 3 |  4- 6 |  7- 9 | 10-12 || total
-------------------------+-------+-------+-------+-------++-------
Melee: Unarmed           |     6 |       |       |       ||     6
       Whip              |    51 |    55 |       |       ||   106
       Tailslap          |     2 |     8 |    25 |     4 ||    39
       Dire flail        |       |    13 |   166 |       ||   179
       Mace              |       |       |    50 |    51 ||   101
 Cast: Shock             |    78 |   133 |   295 |    21 ||   527
       Static Discharge  |       |       |    25 |     2 ||    27
       Airstrike         |       |       |     2 |     2 ||     4
 Abil: Breathe Fire      |       |       |     4 |     1 ||     5
  Use: Scroll            |       |     8 |    14 |     2 ||    24
       Potion            |       |     1 |     4 |     3 ||     8
 Stab: Sleeping          |       |       |     2 |       ||     2
  Eat: Chunk             |     3 |    10 |    14 |       ||    27
       Ration            |       |       |     2 |     1 ||     3
Armor: Skin              |    17 |    30 |   167 |    48 ||   262
Dodge: Dodged            |    49 |    75 |   275 |    40 ||   439
